 Dungeon Crawl Stone Soup version 0.26-a0-542-gbaa144ba5c (webtiles) character file.

Game seed: 13693054544732142362

52 Descartes the Vexing (level 3, 0/15 HPs)
             Began as a Felid Enchanter on Aug 17, 2020.
             Succumbed to an adder's poison
             ... on level 2 of the Dungeon.
             The game lasted 00:06:08 (3259 turns).

Descartes the Vexing (Felid Enchanter)              Turns: 3259, Time: 00:06:09

Health: 0/15       AC:  1    Str:  5    XL:     3   Next: 60%
Magic:  7/7        EV: 14    Int: 16    God:
Gold:   31         SH:  0    Dex: 16    Spells: 5/6 levels left
                                        Lives:  0   Deaths: 0

rFire    . . .     SeeInvis +     - Unarmed
rCold    . . .     Faith    .   (shield unavailable)
rNeg     . . .     Spirit   .   (armour unavailable)
rPois    .         Reflect  .   (helmet unavailable)
rElec    .         Harm     .   (cloak unavailable)
rCorr    .                      (gloves unavailable)
MR       .....                  (boots unavailable)
Stlth    +++.......             (no amulet)
HPRegen  0.05/turn              e - -4 ring of evasion (curse)
MPRegen  0.10/turn              (no ring)

@: lethally poisoned (0 -> -15), quick
A: very small, no armour, no weapons or thrown items, stealth, claws 1, fangs 3,
see invisible, speed 1, shaggy fur 1, sharp paws
a: no special abilities


You were on level 2 of the Dungeon.
You visited 1 branch of the dungeon, and saw 2 of its levels.

You collected 31 gold pieces.

Inventory:

Missiles
 a - 37 arrows
 d - 6 stones
Jewellery
 e - a cursed -4 ring of evasion (left paw)
Scrolls
 c - 3 scrolls of remove curse {unknown}
 i - a scroll of teleportation {unknown}
Potions
 b - 2 potions of might
 f - a potion of mutation
 g - a potion of lignification
 h - a potion of curing {unknown}


   Skills:
 + Level 0.7 Fighting
 + Level 3.2 Dodging
 + Level 4.7 Stealth
 * Level 1.9 Unarmed Combat
 - Level 2.1 Spellcasting
 - Level 4.9 Hexes


You had 5 spell levels left.
You knew the following spells:

 Your Spells              Type           Power        Failure   Level
a - Corona                Hex            ###....      2%          1

Your spell library contained the following spells:

 Spells                   Type           Power        Failure   Level
 Confusing Touch          Hex            ###.....     9%          3
 Tukima's Dance           Hex            ###.....     9%          3
 Ensorcelled Hibernation  Hex/Ice        #.....       11%         2
 Dazzling Flash           Conj/Hex       #.....       22%         3


Dungeon Overview and Level Annotations

Branches:
Dungeon (2/15)

Altars:
Xom


Innate Abilities, Weirdness & Mutations

You cannot wear armour.
You are incapable of wielding weapons or throwing items.
Your paws allow you to move quietly. (Stealth)
You have sharp claws.
You have razor-sharp teeth.
You have supernaturally acute eyesight. (SInv)
You cover ground quickly.
You are covered in fur. (AC +1)
Your sharp claws are effective at attacking unaware monsters.


Message History

There is a stone staircase leading up here.
No target in view!
Found a stone staircase leading down.
The adder hisses angrily.
There is a stone staircase leading up here.
You barely miss the adder. The adder bites you.
You are poisoned.
The adder poisons you!
You closely miss the adder. You bite the adder, but do no damage.
You feel sick. The adder bites you. x2
* * * LOW HITPOINT WARNING * * *
You are lethally poisoned!
The adder poisons you!
You scratch the adder.
The adder is lightly wounded.
The adder bites you.
* * * LOW HITPOINT WARNING * * *
You are more poisoned.
The adder poisons you!
You die...

#.......#.##.......##.>
#.............###.....#
#.......####(..##.s$..#
#.................##...
#......####............ .
#......# #####........ ##
#.....)# #....)...... ..#
##.#.....###.##........ ..#_
##<#.....#@S.##........
.A#..##..#.......####........
###............### #........
.........#....... #........
........##.....#.. .........
........####.##... # #####^.
.. #.......# #.#. ..#.
#####..# #.......# #.#.##...
#)(....# #.......#
........####.###.##


You could see an adder.

Vanquished Creatures
  2 oozes (D:1)
  A worm (D:1)
  A dart slug (D:1)
  2 leopard geckos (D:1)
  2 giant cockroaches (D:1)
  4 goblins
  5 hobgoblins
  4 kobolds
  3 bats
  8 frilled lizards (D:1)
  6 rats (D:1)
38 creatures vanquished.

Notes
Turn   | Place    | Note
-------+----------+-------------------------------------------
     0 | D:1      | Descartes the Felid Enchanter began the quest for the Orb.
     0 | D:1      | Reached XP level 1. HP: 7/7 MP: 4/4
   490 | D:1      | Reached XP level 2. HP: 11/11 MP: 6/6
  1396 | D:1      | Reached XP level 3. HP: 13/14 MP: 7/7
  2788 | D:2      | Found a shimmering altar of Xom.
  2788 | D:2      | Noticed an angel
  3259 | D:2      | Succumbed to an adder's poison

Illustrated notes

Levels and vault maps discovered:
D:1:      dpeg_arrival_long_road, layout_loops_ring
D:2:      layout_rooms, grunt_temple_overflow_order_and_chaos_1

Skill      XL: |  1  2  3 |
---------------+----------+-----
Dodging        | 3 |  3.2
Fighting       | |  0.7
Stealth        | |  4.7
Unarmed Combat | |  1.9
Spellcasting   | |  2.1
Hexes          | |  4.9

Action                   || total
-------------------------++-------
Melee: Unarmed           ||   163
       Bite              ||    15
  Use: Scroll            ||     3
 Stab: Sleeping          ||     8
Armor: Skin              ||     8
Dodge: Dodged            ||   119

Table legend: (Time is in decaauts)
 A = Elapsed time spent in this place.
 B = Non-inter-level travel time spent in this place.
 C = Inter-level travel time spent in this place.
 D = Time resting spent in this place.
 E = Time spent auto-exploring this place.
 F = Levels seen in this place.
 G = Mean time per level.
                   A        B        C        D        E       F      G
               +--------+--------+--------+--------+--------+-----+--------+
         Total |   3062 |   2978 |     84 |   1676 |    739 |   2 | 1531.0 |
       Dungeon |   3062 |   2978 |     84 |   1676 |    739 |   2 | 1531.0 |
               +--------+--------+--------+--------+--------+-----+--------+

Top non-repeatable levels by time:
     D:1: 2952 daAuts
     D:2: 110 daAuts
